 Dungeon Crawl Stone Soup version 0.31.0-12-g77e489cdc1 (webtiles) character file.

Game seed: 188020485662321605

311 Logoto the Chopper (level 6, 0/56 HPs)
             Began as a Hill Orc Berserker on Mar 4, 2024.
             Was a Believer of Trog.
             Slain by a sleepcap (2 damage)
             ... on level 4 of the Dungeon.
             The game lasted 00:08:49 (3870 turns).

Logoto the Chopper (Hill Orc Berserker)             Turns: 3870, Time: 00:08:49

Health: 0/56       AC:  6    Str: 22    XL:     6   Next: 42%
Magic:  6/6        EV: 10    Int:  7    God:    Trog [**....]
Gold:   160        SH:  7    Dex: 10    Spells: 5/5 levels left

rFire   + . .        o - +2 club
rCold   . . .        f - +0 kite shield
rNeg    + . .        b - +0 ring mail
rPois   .            (no helmet)
rElec   .            r - +0 cloak
rCorr   .            (no gloves)
SInv    .            (no boots)
Will    .....        (no amulet)
Stlth   +            c - ring of positive energy
HPRegen 0.29/turn    s - ring of protection from fire
MPRegen 0.10/turn

%: no passive effects
@: on berserk cooldown
A: no striking features
a: Renounce Religion, Berserk, Trog's Hand


You were on level 4 of the Dungeon.
You worshipped Trog.
Trog was pleased with you.
You visited 1 branch of the dungeon, and saw 4 of its levels.

You collected 160 gold pieces.

Inventory:

Hand Weapons
 a - a +0 hand axe
 o - a +2 club (weapon)
 q - a +4 quarterstaff of chaos
Armour
 b - a +0 ring mail (worn)
 f - a +0 kite shield (worn)
 r - a +0 cloak (worn)
Jewellery
 c - a ring of positive energy (left hand)
 s - a ring of protection from fire (right hand)
Wands
 n - a wand of charming (12)
Scrolls
 d - 4 scrolls of identify {unknown}
 e - 3 scrolls of revelation {unknown}
 g - a scroll of teleportation {unknown}
 h - a scroll of fog {unknown}
 i - a scroll of fear {unknown}
 k - 4 scrolls of noise
 m - a scroll of vulnerability {unknown}
Potions
 j - a potion of curing {unknown}
 l - a potion of ambrosia {unknown}
 t - a potion of heal wounds {unknown}


   Skills:
 + Level 5.0 Fighting
 + Level 6.2(6.5) Axes
 + Level 2.1(3.9) Maces & Flails
 + Level 2.5 Armour
 + Level 2.2 Dodging
 + Level 1.4 Stealth
 + Level 1.6 Shields


You had 5 spell levels left.
You didn't know any spells.
Your spell library was empty.

Dungeon Overview and Level Annotations

Branches:
Dungeon (4/15)
 Temple: D:4-7

Altars:
Wu Jian
Xom
Yredelemnul
The Shining One


Message History

You hit the ice beast.
The ice beast is almost dead.
You block the goblin's attack. The ice beast barely misses you.
The sleepcap releases spores at you but does no damage.
The goblin hits you but does no damage. You block the ice beast's attack.
You hit the ice beast.
You kill the ice beast!
Trog accepts your kill. The sleepcap closely misses you.
The goblin hits you but does no damage. x2
The sleepcap barely misses you.
Your Fighting skill increases to level 5!
Your base Maces & Flails skill increases to level 2!
You have reached level 6!
You sock the goblin!
You kill the goblin!
Trog accepts your kill. The sleepcap releases spores at you.
You hit the sleepcap but do no damage. The sleepcap releases spores at you.
* * * LOW HITPOINT WARNING * * *
The sleepcap releases spores at you.
* * * LOW HITPOINT WARNING * * *
You are engulfed in a cloud of soporific spores!
You fall asleep.
The sleepcap barely misses you. The sleepcap releases spores at you.
You wake up.
* * * LOW HITPOINT WARNING * * *
The sleepcap releases spores at you.
* * * LOW HITPOINT WARNING * * *
You are engulfed in a cloud of soporific spores!
You are unaffected.
As you read the scroll labelled IFYEGRYICK, it crumbles to dust.
You hear a loud clanging noise!
It was a scroll of noise.
You hear a shout!
The sleepcap releases spores at you but does no damage.
You feel yourself speed up. The sleepcap releases spores at you.
* * * LOW HITPOINT WARNING * * *
The sleepcap releases spores at you.
You die...

##.## ... ### #.## #..#
..# ..##.# #..# ##.## ..#
...#.## ##.## ##.##..#
#..#..# #..## #.....##
##.##..# #....
##.....####..#...## ##.#..
#...##......).....##
#..### #..#..#
###..f.....[# ##..#
#..###.####...@......##
#..## #.##
##.##........^...# #..#
#.# #...............###.##
## ##...............#..#
##................#..##
#..>.............#....#
#...............##........
##................########
###.........<#.###


You could see a sleepcap.

Vanquished Creatures
  An ice beast (D:4)
  Crazy Yiuf (D:3)
  Jessica (D:3)
  Ijyb (D:3)
  7 adders
  A ribbon worm (D:3)
  4 orcs (D:3)
  11 endoplasms
  A giant cockroach (D:2)
  7 goblins
  3 hobgoblins (D:1)
  5 jackals
  9 kobolds
  A quokka (D:1)
  5 ball pythons
  3 bats
  7 frilled lizards
  5 rats
73 creatures vanquished.

Notes
Turn   | Place    | Note
-------+----------+-------------------------------------------
     0 | D:1      | Logoto the Hill Orc Berserker began the quest for the Orb.
     0 | D:1      | Reached XP level 1. HP: 19/19 MP: 1/1
   295 | D:1      | Reached XP level 2. HP: 27/27 MP: 2/2
   633 | D:1      | Reached XP level 3. HP: 34/34 MP: 3/3
   785 | D:1      | Reached ** piety under Trog
  1953 | D:3      | Reached skill level 5 in Axes
  1953 | D:3      | Reached XP level 4. HP: 18/41 MP: 4/4
  2084 | D:3      | Noticed Jessica
  2091 | D:3      | Killed Jessica
  2092 | D:3      | Reached skill level 1 in Stealth
  2456 | D:3      | Reached XP level 5. HP: 47/47 MP: 5/5
  2703 | D:3      | Noticed Ijyb
  2711 | D:3      | Killed Ijyb
  2712 | D:3      | Reached skill level 1 in Shields
  3012 | D:3      | Reached skill level 6 in Axes
  3104 | D:3      | Found a runed translucent door.
  3105 | D:3      | Noticed Crazy Yiuf
  3114 | D:3      | Killed Crazy Yiuf
  3115 | D:3      | Reached skill level 1 in Maces & Flails
  3526 | D:3      | Found a basalt altar of Yredelemnul.
  3529 | D:3      | Found a shimmering altar of Xom.
  3532 | D:3      | Found an ornate altar of the Wu Jian Council.
  3551 | D:3      | Found a glowing golden altar of the Shining One.
  3770 | D:4      | Noticed an ogre
  3840 | D:4      | Noticed an ice beast
  3863 | D:4      | Killed an ice beast
  3864 | D:4      | Reached skill level 5 in Fighting
  3864 | D:4      | Reached XP level 6. HP: 20/56 MP: 6/6
  3870 | D:4      | HP: 2/56 [sleepcap (2)]
  3870 | D:4      | Slain by a sleepcap

Illustrated notes

Levels and vault maps discovered:
D:1:      wander_arrival_lonely_grave, layout_basic
D:2:      layout_basic
D:3:      layout_basic, grunt_temple_overflow_cloverleaf, uniq_ijyb,
          uniq_jessica, uniq_crazy_yiuf_cottage
D:4:      layout_cave_pods, wad_floor_pattern_2, minmay_close_crescents

Skill      XL: |  1  2  3  4  5 |
---------------+----------------+-----
Fighting       | 4 5 |  5.0
Axes           | 5 6 |  6.2
Stealth        | 1 |  1.4
Dodging        | 2 |  2.2
Shields        | 1 |  1.6
Maces & Flails | 2 |  2.1
Armour         | |  2.5

Action                     |  1- 3 |  4- 6 || total
---------------------------+-------+-------++-------
  Melee: Hand axe          |   128 |    31 ||   159
         Club              |       |    67 ||    67
 Invoke: Berserk           |     4 |     7 ||    11
    Use: Scroll            |       |     1 ||     1
   Stab: Sleeping          |     6 |       ||     6
 Armour: Animal skin       |    67 |    11 ||    78
         Ring mail         |       |    35 ||    35
         Leather armour    |       |    17 ||    17
  Dodge: Dodged            |    69 |    51 ||   120
  Block: Kite shield       |    29 |    44 ||    73
